 Dungeon Crawl Stone Soup version 0.18.1-48-g4cf74bf (webtiles) character file.

39 Eukament the Skirmisher (level 3, -2/29 HPs)
             Began as a Demonspawn Chaos Knight on Aug 9, 2016.
             Slain by a worm (7 damage)
             ... on level 2 of the Dungeon.
             The game lasted 00:06:30 (1371 turns).

Eukament the Skirmisher (Demonspawn Chaos Knight)   Turns: 1371, Time: 00:06:30

Health: -2/29      AC: 10    Str: 13    XL:     3   Next: 28%
Magic:  3/3        EV:  3    Int: 13    God:    Xom [....*.]
Gold:   22         SH:  0    Dex: 12    Spells: 0 memorised, 2 levels left

rFire  . . .     SeeInvis .     a - +0 mace (chaos)
rCold  . . .     Gourm    .     h - +0 plate armour
rNeg   . . .     Faith    .     (no shield)
rPois  .         Spirit   .     (no helmet)
rElec  .         Dismiss  .     (no cloak)
rCorr  .         Reflect  .     (no gloves)
SustAt +         Harm     .     (no boots)
MR     .....                    (no amulet)
Stlth  ..........               (no ring)
                                f - ring of sustain attributes

@: not resistant to hostile enchantments, extremely unstealthy
A: claws 1, powered by pain 1
a: Renounce Religion


You were on level 2 of the Dungeon.
You worshipped Xom.
You were a beloved toy of Xom.
You were very full.

You visited 1 branch of the dungeon, and saw 2 of its levels.

You collected 22 gold pieces.

Inventory:

Hand Weapons
 a - a +0 mace of chaos (weapon)
Armour
 h - a +0 plate armour (worn)
Jewellery
 f - a ring of sustain attributes (left claw)
Comestibles
 c - a bread ration
 d - 2 meat rations


   Skills:
 * Level 3.4 Fighting
 * Level 3.3 Maces & Flails
 - Level 2.1 Armour
 - Level 1.0 Dodging


You had 2 spell levels left.
You didn't know any spells.

Dungeon Overview and Level Annotations

Branches:
Dungeon (2/15)

Altars:


Innate Abilities, Weirdness & Mutations

You have sharp fingernails.
You sometimes gain a little power by taking damage.


Message History

You closely miss the ball python.
The ball python bites you but does no damage.
The ball python grabs you. The ball python constricts you.
You hit the ball python.
You kill the ball python!
You closely miss the kobold. The kobold hits you but does no damage.
You hit the kobold but do no damage. The kobold hits you but does no damage.
You hit the kobold.
The kobold is briefly tinged with green.
The kobold is moderately wounded.
The kobold hits you but does no damage.
You closely miss the kobold.
The kobold is moderately wounded.
The kobold hits you but does no damage.
You hit the kobold.
You kill the kobold!
You hit the worm. You burn the worm.
The worm is moderately wounded.
The worm bites you!
You die...

##. .. ...# .# #
..##.## #. ##...g.
.. ..#..#.## l .
......## .. K.
##.....##.#.#
######.......#...#
#..@wg†.)......###
#.####.......#...
.. #.....(.#.###
## #.#.........#
#.##.##..###.##
#.#####.## #..
#...)...# #..
#######.## #.#
#..###..#


You could see a worm (berserk) and a hobgoblin.

Vanquished Creatures
  A dart slug (D:1)
  2 giant cockroaches (D:1)
  2 goblins (D:1)
  5 hobgoblins
  5 jackals (D:1)
  5 kobolds
  2 ball pythons (D:2)
  5 bats
  2 giant newts (D:1)
  8 rats
37 creatures vanquished.

Vanquished Creatures (others)
  A giant newt (D:2)
1 creature vanquished.

Grand Total: 38 creatures vanquished

Notes
Turn   | Place    | Note
--------------------------------------------------------------
     0 | D:1      | Eukament the Demonspawn Chaos Knight began the quest for the Orb.
     0 | D:1      | Reached XP level 1. HP: 18/18 MP: 1/1
    76 | D:1      | Gained mutation: You have sharp fingernails. [demonic ancestry]
    76 | D:1      | Reached XP level 2. HP: 22/24 MP: 2/2
   101 | D:1      | Reached skill level 1 in Dodging
   171 | D:1      | XOM: divination: detect creatures
   538 | D:1      | XOM: 6-stop teleportation journey
   541 | D:1      | XOM: god gift: glowing morningstar {god gift}
   622 | D:1      | Gained mutation: You sometimes gain a little power by taking damage. [demonic ancestry]
   622 | D:1      | Reached XP level 3. HP: 18/29 MP: 3/3
   638 | D:1      | XOM: divination: magic mapping
   694 | D:1      | XOM: vitrification
  1161 | D:2      | Found a faded altar to an unknown god.
  1360 | D:2      | XOM: enchant monster (good)
  1371 | D:2      | Slain by a worm

Skill      XL: |  1  2 |
---------------+-------+-----
Armour         | 2 |  2.1
Dodging        | 1 |  1.0
Maces & Flails | 3 |  3.3
Fighting       | |  3.4

Action                   || total
-------------------------++-------
Melee: Mace              ||    65
       Morningstar       ||    82
  Use: Scroll            ||     2
       Potion            ||     1
 Stab: Sleeping          ||     1
  Eat: Bread ration      ||     2
Armor: Leather armour    ||   122
       Plate armour      ||    21
Dodge: Dodged            ||   162
